Map: Hecate LE

Players

TrashPanda - Winner!

  • Race: Protoss Protoss
  • League: Diamond
  • Spawn Location: 7:00

SubN

  • Race: Zerg Zerg
  • League: Diamond
  • Spawn Location: 1:00

VOD

Have the link to the VOD?

Description

Time

  • Played on: Nov. 22, 2023, 8:45 p.m.
  • Length: 15:01
Show
View Real Time Build Order
Export as new Build Order

TrashPanda Protoss - Winner!

Build Orders: 1 Gate Expand, Carriers, Zealot Archon 

Get SALT Encoding   

  12  0:00  Probe  
  13  0:12  Probe  
  14  0:19  Pylon  
  14  0:25  Probe  
  15  0:38  Gateway  
  15  0:41  Probe (Chrono Boost)  
  16  0:45  Assimilator  
  16  0:53  Probe (Chrono Boost)  
  17  0:58  Probe (Chrono Boost)  
  18  1:08  Probe  
  19  1:20  Probe  
  20  1:27  Nexus  
  20  1:33  Probe  
  21  1:40  Cybernetics Core  
  21  1:46  Probe  
  22  1:47  Pylon  
  22  1:52  Assimilator  
  22  1:58  Probe  
  23  2:10  Probe  
  23  2:15  Gateway  
  24  2:17  Stalker  
  24  2:18  Warp Gate  
  24  2:22  Probe  
  27  2:28  Shield Battery  
  27  2:34  Probe  
  28  2:42  Stargate  
  28  2:46  Probe  
  28  2:47  Probe  
  30  2:55  Pylon  
  30  2:57  Adept  
  32  3:00  Probe  
  32  3:02  Probe  
  34  3:12  Probe, Adept  
  37  3:14  Probe  
  38  3:24  Probe  
  38  3:26  Probe  
  40  3:33  Void Ray  
  44  3:36  Probe  
  44  3:38  Probe  
  46  3:45  Pylon  
  46  3:50  Adept x2  
  46  3:52  Probe x2  
  52  4:04  Probe x2  
  52  4:06  Assimilator  
  52  4:09  Assimilator  
  54  4:10  Pylon  
  54  4:16  Probe x2  
  56  4:23  Void Ray  
  60  4:28  Probe  
  60  4:30  Adept x2  
  65  5:02  Nexus  
  65  5:05  Pylon  
  65  5:07  Pylon  
  65  5:13  Forge, Void Ray  
  69  5:15  Twilight Council  
  69  5:16  Probe  
  70  5:23  Protoss Air Weapons Level 1 (Chrono Boost), Probe  
  70  5:27  Pylon  
  71  5:28  Probe, Shield Battery  
  71  5:31  Pylon  
  72  5:45  Probe x2  
  74  5:56  Protoss Shields Level 1  
  74  5:57  Probe x2  
  74  6:01  Templar Archives  
  74  6:03  Stargate  
  76  6:10  Probe x2 (Chrono Boost)  
  78  6:16  Pylon  
  79  6:19  Probe x2 (Chrono Boost)  
  79  6:22  Pylon  
  79  6:24  Probe x2 (Chrono Boost)  
  80  6:29  Photon Cannon  
  82  6:32  Photon Cannon  
  82  6:35  Photon Cannon  
  82  6:40  Pylon  
  82  6:45  Assimilator  
  82  6:47  Assimilator  
  82  6:48  Pylon, Adept  
  82  6:49  Adept  
  86  6:59  Fleet Beacon  
  94  7:01  Stargate  
  94  7:04  Probe x2 (Chrono Boost)  
  94  7:05  Probe (Chrono Boost), Void Ray x2  
  97  7:14  Probe (Chrono Boost)  
  97  7:15  Probe x2 (Chrono Boost), High Templar  
  100  7:16  High Templar  
  100  7:19  Probe x3 (Chrono Boost)  
  107  7:24  Archon  
  107  7:30  Probe x3  
  110  7:42  Probe x3  
  113  7:54  Probe x3  
  116  7:59  Protoss Shields Level 2 (Chrono Boost)  
  116  8:01  Nexus  
  116  8:02  Pylon  
  116  8:04  Pylon x2  
  116  8:05  Pylon  
  116  8:06  Probe  
  116  8:08  Photon Cannon  
  116  8:09  Pylon  
  116  8:10  Shield Battery  
  129  8:12  Carrier  
  129  8:13  Carrier  
  113  8:49  High Templar  
  113  8:50  High Templar  
  117  8:55  Archon  
  117  9:03  Shield Battery  
  117  9:05  Photon Cannon  
  117  9:07  Photon Cannon  
  117  9:08  Photon Cannon  
  117  9:12  Pylon  
  117  9:13  Carrier  
  117  9:15  Shield Battery, Photon Cannon  
  123  9:23  High Templar x2  
  127  9:31  Photon Cannon  
  127  9:33  Photon Cannon  
  127  9:36  Photon Cannon  
  127  9:38  Photon Cannon  
  127  9:41  Shield Battery  
  127  9:42  Probe x4  
  127  9:43  Archon  
  127  9:44  Shield Battery  
  131  9:46  Gateway, Carrier  
  131  9:47  Carrier  
  131  9:48  Gateway  
  131  9:51  Gateway  
  143  9:54  Gateway, Probe x2  
  143  9:58  Gateway  
  143  9:59  Gateway  
  145  10:00  Photon Cannon  
  145  10:03  Protoss Air Weapons Level 2 (Chrono Boost), Gateway  
  145  10:05  Gateway, Shield Battery  
  145  10:06  Photon Cannon  
  145  10:08  Robotics Facility  
  145  10:11  Protoss Shields Level 3  
  145  10:16  High Templar  
  145  10:17  High Templar  
  149  10:21  Archon  
  149  10:33  Assimilator  
  149  10:34  Assimilator  
  146  11:00  Nexus  
  146  11:20  Pylon  
  146  11:22  Pylon  
  146  11:24  Carrier x2  
  146  11:25  Pylon  
  160  11:29  Carrier  
  164  11:34  Shield Battery, Photon Cannon  
  164  11:37  Photon Cannon  
  164  11:38  Observer  
  165  11:42  Sentry, Photon Cannon  
  165  11:44  Sentry  
  165  11:46  Photon Cannon  
  169  11:48  Pylon  
  169  11:54  High Templar x3  
  173  12:00  High Templar  
  177  12:04  Archon x2  
  171  12:26  Gateway  
  171  12:28  Gateway  
  171  12:30  Photon Cannon  
  171  12:33  Probe, Photon Cannon  
  171  12:34  Probe x2  
  174  12:41  Carrier x2  
  186  12:47  Observer, Charge  
  186  12:49  High Templar  
  189  12:52  High Templar  
  189  12:54  Protoss Ground Weapons Level 1 (Chrono Boost)  
  191  13:04  Gateway  
  191  13:05  Gateway  
  191  13:07  Gateway  
  191  13:13  Gateway  
  191  14:01  Archon  
  191  14:28  Nexus  
  197  14:31  Pylon  
  197  14:32  Pylon  
  197  14:35  Pylon  
  197  14:39  Pylon  
Show
View Real Time Build Order
Export as new Build Order

SubN Zerg 

Build Orders: Hatch First 

Get SALT Encoding   

  12  0:00  Drone  
  13  0:12  Overlord  
  13  0:17  Drone  
  14  0:30  Drone x2  
  16  0:49  Hatchery  
  15  0:57  Drone  
  15  0:58  Drone  
  15  0:59  Drone  
  15  1:02  Extractor  
  17  1:16  Spawning Pool  
  16  1:19  Drone  
  16  1:23  Drone  
  18  1:29  Drone  
  19  1:40  Drone  
  20  1:53  Overlord  
  20  2:01  Drone  
  21  2:02  Queen  
  21  2:03  Queen  
  25  2:10  Metabolic Boost  
  25  2:17  Drone x2  
  25  2:20  Drone  
  25  2:22  Drone  
  29  2:25  Drone  
  30  2:46  Hatchery, Queen  
  30  2:50  Zergling x2  
  30  2:51  Zergling x2  
  33  2:53  Zergling x2  
  33  2:56  Drone  
  35  2:59  Overlord  
  35  3:03  Overlord  
  35  3:17  Queen  
  35  3:19  Drone x4  
  41  3:23  Drone x2  
  41  3:24  Drone  
  44  3:33  Extractor  
  43  3:37  Drone x2  
  43  3:39  Overlord  
  45  3:50  Drone  
  45  3:51  Drone  
  47  4:03  Spore Crawler  
  47  4:05  Spore Crawler  
  47  4:06  Queen x3  
  51  4:11  Drone x7  
  51  4:12  Drone  
  51  4:15  Spore Crawler  
  58  4:19  Spore Crawler  
  57  4:29  Drone  
  58  4:32  Spore Crawler  
  58  4:33  Spore Crawler  
  56  4:40  Extractor  
  56  4:41  Extractor  
  54  4:52  Baneling Nest  
  53  5:01  Overlord x4  
  53  5:02  Overlord x2  
  53  5:25  Zergling x4  
  53  5:26  Zergling x24  
  67  5:33  Overlord, Evolution Chamber  
  67  5:34  Evolution Chamber  
  65  5:40  Baneling  
  65  5:41  Baneling x5  
  65  5:50  Zergling x2  
  65  5:54  Drone x4  
  65  5:55  Drone  
  71  5:59  Drone  
  71  6:01  Drone  
  71  6:03  Drone  
  71  6:04  Drone  
  75  6:05  Drone  
  75  6:07  Drone  
  77  6:19  Overlord  
  77  6:24  Overlord  
  76  6:28  Zerg Melee Weapons Level 1  
  76  6:29  Zerg Ground Armor Level 1  
  76  6:33  Drone x3  
  76  6:37  Overlord  
  79  6:40  Overlord  
  79  6:43  Overlord  
  79  6:47  Lair  
  79  6:57  Drone x4  
  79  6:58  Drone x3  
  86  7:02  Zergling x2  
  86  7:03  Zergling x2  
  88  7:19  Drone x11  
  99  7:27  Drone  
  100  7:33  Hatchery  
  98  7:48  Centrifugal Hooks, Overlord x2  
  98  7:49  Overlord  
  98  7:57  Hatchery  
  98  7:58  Extractor  
  96  7:59  Extractor  
  96  8:01  Drone x2  
  96  8:02  Drone  
  96  8:03  Drone x3  
  101  8:10  Spire  
  85  9:00  Queen  
  87  9:03  Spore Crawler  
  87  9:09  Queen  
  88  9:15  Zergling x20  
  88  9:16  Zergling x24  
  110  9:22  Overseer  
  110  9:24  Zerg Flyer Weapons Level 1  
  110  9:33  Drone x4  
  110  9:34  Drone x3  
  110  9:36  Overlord x3  
  110  9:37  Overlord, Extractor  
  116  9:39  Extractor  
  116  9:44  Overlord x3  
  116  9:45  Mutalisk x3  
  115  9:46  Mutalisk  
  123  9:53  Mutalisk  
  123  9:54  Mutalisk x9  
  143  10:05  Mutalisk x8  
  159  10:10  Baneling  
  159  10:11  Baneling x16  
  159  10:12  Baneling x19  
  159  10:13  Zergling x2  
  162  10:14  Zergling x6  
  163  10:23  Infestation Pit  
  162  10:30  Drone x3  
  163  10:40  Corruptor  
  163  10:41  Corruptor x2  
  164  10:45  Mutalisk  
  142  10:58  Zergling x2  
  142  10:59  Zergling x38  
  162  11:08  Corruptor x3  
  168  11:21  Corruptor x3  
  168  11:24  Zergling x2  
  168  11:25  Zergling x12  
  181  11:40  Overlord  
  181  11:42  Overlord  
  181  11:43  Overlord  
  181  11:46  Hive  
  181  11:51  Overlord x4  
  181  11:59  Zerg Flyer Weapons Level 2  
  171  12:17  Zerg Melee Weapons Level 2  
  165  12:23  Corruptor x9  
  183  12:35  Spire  
  182  12:38  Hatchery, Extractor  
  182  12:40  Extractor  
  179  12:58  Viper  
  179  12:59  Viper  
  179  13:00  Viper  
  188  13:06  Drone x3  
  188  13:07  Drone  
  188  13:08  Drone x2  
  188  13:09  Drone x3  
  188  13:11  Drone x3  
  200  13:14  Overlord  
  200  13:15  Overlord x3  
  200  13:17  Overseer  
  200  13:19  Overseer  
  179  14:09  Viper x2  
  170  14:14  Corruptor  
  170  14:15  Corruptor x9  
  194  14:28  Hatchery  
  194  14:29  Extractor  
Tags
 
Add a new tag
Caveats
  • Supply blocks, unpowered buildings, or Contaminate may cause inaccurate times.
  • Supply counts are checked every 10 seconds.